 Dungeon Crawl Stone Soup version 0.21-a0-203-gb066a6e (webtiles) character file.

32183575 M4edhros the Sensei (level 27, 252/252 (254) HPs)
             Began as an Octopode Artificer on Aug 19, 2017.
             Was the Champion of Cheibriados.
             Escaped with the Orb
             ... and 15 runes on Aug 20, 2017!
             The game lasted 05:07:58 (46034 turns).

M4edhros the Sensei (Octopode Artificer)           Turns: 46034, Time: 05:07:58

HP:   252/252 (254) AC: 34    Str: 31    XL:     27
MP:   45/45         EV: 53    Int: 53    God:    Cheibriados [******]
Gold: 5538          SH: 25    Dex: 53    Spells: 3/63 levels left

rFire    + + .     SeeInvis +     - Unarmed
rCold    + + +     Gourm    .   H - +5 shield {reflect}
rNeg     + + +     Faith    .   Z - +2 hat of the Bear Spirit {Spirit, +Rage rN+ MR++}
rPois    ∞         Spirit   +   i - amulet of magic regeneration
rElec    +         Reflect  +   d - ring "Fiynku" {*Drain rPois rF++ Int+6}
rCorr    .         Harm     .   h - +5 ring of evasion
MR       +++++                  s - ring "Hoejugom" {*Slow rPois rC++ EV+4 Dex+3}
Stlth    ++++......             L - ring "Mifruse" {+Inv +Fly Str+2 Dex+6 Slay+5}
HPRegen  1.52/turn              B - ring of Yricu {*Slow +Fly rPois Int+7}
MPRegen  0.54/turn              c - ring "Tyrghicw" {rPois MR+ Int+4 Dex+4}
                                r - ring of Zeahy {+Fly rN+ Int+4 Dex+3 SInv}
                                R - ring of the Leaf {*Drain rPois Str+4 Int+3}

@: statue-form, regenerating, very slow
A: almost no armour, stealthy swim, amphibious, 8 rings, constrict 8, rugged
brown scales 1, camouflage 1, blurry vision 1, cold resistance 2, deterioration
1, dopey 1, frail 1, mutation resistance 1, sense surroundings 2, screaming 3,
weak 1, subdued magic 1
0: Orb of Zot
}: 15/15 runes: barnacled, slimy, silver, golden, iron, obsidian, icy, bone,
abyssal, demonic, glowing, magical, fiery, dark, gossamer
a: End Transformation, Bend Time, Temporal Distortion, Slouch, Step From Time,
Renounce Religion, Evoke Berserk Rage, Evoke Invisibility, Evoke Flight


You escaped.
You worshipped Cheibriados.
Cheibriados was exalted by your worship.
You were very full.
You were a stone statue.
You visited 18 branches of the dungeon, and saw 90 of its levels.
You visited Pandemonium 4 times, and saw 29 of its levels.
You visited the Abyss 2 times.
You visited 1 bazaar.
You also visited: Labyrinth, Trove, Bailey and Ice Cave.

You collected 10728 gold pieces.
You spent 5190 gold pieces at shops.

Inventory:

Hand Weapons
 m - the +7 great mace "Undeadhunter" {disrupt, rN+}
   (You found it on level 7 of Gehenna)

   It protects you from negative energy.
Missiles
 g - 7 javelins of penetration
 D - 4 tomahawks of dispersal (quivered)
Armour
 y - the +0 hat "Oviop" {MR+ rCorr, unknown}
   (You found it on level 7 of Cocytus)

   It affects your resistance to hostile enchantments.
   It protects you from acid and corrosion.
 H - a +5 shield of reflection (worn)
 Z - the +2 hat of the Bear Spirit (worn) {Spirit, +Rage rN+ MR++}
   (You found it on level 4 of the Shoals)

   It protects you from negative energy.
   It affects your resistance to hostile enchantments.
   It lets you go berserk.
Jewellery
 a - the ring of the Dozen Souls {rElec AC+4 Str+3}
   (You found it on level 5 of the Pits of Slime)

   [ring of protection]

   It affects your AC (+4).
   It affects your strength (+3).
   It insulates you from electricity.
 c - the ring "Tyrghicw" (on tentacle) {rPois MR+ Int+4 Dex+4}
   (You bought it in a shop in a bazaar)

   [ring of intelligence]

   It affects your intelligence (+4).
   It affects your dexterity (+4).
   It protects you from poison.
   It affects your resistance to hostile enchantments.
 d - the ring "Fiynku" (left tentacle) {*Drain rPois rF++ Int+6}
   (You found it in a treasure trove)

   [ring of poison resistance]

   It affects your intelligence (+6).
   It greatly protects you from fire.
   It protects you from poison.
   It causes draining when unequipped.
 h - a +5 ring of evasion (right tentacle)
 i - an amulet of magic regeneration (around mantle)
 r - the ring of Zeahy (on tentacle) {+Fly rN+ Int+4 Dex+3 SInv}
   (You found it on level 3 of the Crypt)

   [ring of positive energy]

   It affects your intelligence (+4).
   It affects your dexterity (+3).
   It protects you from negative energy.
   It lets you see invisible.
   It lets you fly.
 s - the ring "Hoejugom" (on tentacle) {*Slow rPois rC++ EV+4 Dex+3}
   (You found it on level 7 of Gehenna)

   [ring of evasion]

   It affects your evasion (+4).
   It affects your dexterity (+3).
   It greatly protects you from cold.
   It protects you from poison.
   It may slow you when you take damage.
 B - the ring of Yricu (on tentacle) {*Slow +Fly rPois Int+7}
   (You found it in a treasure trove)

   [ring of poison resistance]

   It affects your intelligence (+7).
   It protects you from poison.
   It lets you fly.
   It may slow you when you take damage.
 F - an uncursed ring of protection from fire
 L - the ring "Mifruse" (on tentacle) {+Inv +Fly Str+2 Dex+6 Slay+5}
   (You found it on level 3 of the Tomb of the Ancients)

   [ring of strength]

   It affects your strength (+2).
   It affects your dexterity (+6).
   It affects your accuracy and damage with ranged weapons and melee attacks
   (+5).
   It lets you turn invisible.
   It lets you fly.
 R - the ring of the Leaf (on tentacle) {*Drain rPois Str+4 Int+3}
   (You found it in a labyrinth)

   [ring of poison resistance]

   It affects your strength (+4).
   It affects your intelligence (+3).
   It protects you from poison.
   It causes draining when unequipped.
 Y - the ring "Fyaheacw" {rElec rC+ MR+}
   (You found it on level 2 of the Realm of Zot)

   [ring of protection from cold]

   It protects you from cold.
   It insulates you from electricity.
   It affects your resistance to hostile enchantments.
Wands
 b - a wand of digging (15/24)
 e - a wand of acid (13/15)
 p - a wand of acid (8/15)
 N - a wand of digging (14/24)
 S - a wand of digging (2/24)
Scrolls
 t - 10 scrolls of teleportation
 u - 4 scrolls of blinking
 w - 5 scrolls of magic mapping
 z - a scroll of brand weapon
 I - 4 scrolls of fear
 K - 2 scrolls of fog
 O - 12 scrolls of immolation
 U - 4 scrolls of recharging
 X - 10 scrolls of remove curse
Potions
 f - a potion of brilliance
 k - 4 potions of might
 n - 19 potions of curing
 o - 4 potions of heal wounds
 v - 3 potions of cancellation
 C - a potion of invisibility
 J - 4 potions of magic
 M - 4 potions of agility
 T - 4 potions of lignification
Miscellaneous
 j - a lightning rod (4/4)
 l - 7 sacks of spiders
 q - 3 phantom mirrors
 x - a lamp of fire
 A - a phial of floods
 P - the horn of Geryon
 Q - 5 boxes of beasts
Comestibles
 E - 19 meat rations
 G - 6 royal jellies


   Skills:
 + Level 23.0 Fighting
   Level 1.0 Short Blades
 + Level 24.4 Dodging
 - Level 19.1 Stealth
 - Level 18.6 Shields
 + Level 25.2 Unarmed Combat
 - Level 18.8 Spellcasting
 - Level 18.4 Conjurations
 - Level 10.9 Summonings
 - Level 10.6 Necromancy
 - Level 14.6 Translocations
 - Level 12.5 Transmutations
   Level 16.2 Air Magic
 - Level 19.8 Earth Magic
 - Level 11.0 Invocations
 * Level 21.3 Evocations


You had 3 spell levels left.
You knew the following spells:

 Your Spells              Type           Power        Failure   Level  Hunger
a - Malign Gateway        Summ/Tloc      #######...   1%          7    None
c - Regeneration          Chrm/Necr      ######....   1%          3    None
d - Confusing Touch       Hex            #####.       1%          1    None
e - Statue Form           Tmut/Erth      ########.    1%          6    None
f - Aura of Abjuration    Summ           #######...   1%          5    None
g - Shatter               Erth           ########..   4%          9    #......
i - Haunt                 Necr/Summ      #######...   1%          7    None
j - Apportation           Tloc           ######       0%          1    None
k - Controlled Blink      Tloc           N/A          3%          8    None
m - Summon Forest         Summ/Tloc      #######...   1%          5    None
n - Lehudib's Crystal Sp  Conj/Erth      ########..   1%          8    None


Dungeon Overview and Level Annotations

Branches:
Dungeon (15/15)            Temple (1/1) D:6            Lair (6/6) D:11
 Shoals (4/4) Lair:4       Spider (4/4) Lair:4        Slime (5/5) Lair:6
    Orc (2/2) D:10            Elf (3/3) Orc:2        Vaults (5/5) D:13
  Crypt (3/3) Vaults:2       Tomb (3/3) Crypt:3      Depths (5/5) D:15
   Hell (1/1)                 Dis (7/7) Hell            Geh (7/7) Hell
    Coc (7/7) Hell            Tar (7/7) Hell            Zot (5/5) Depths:5

Altars:
Ashenzari
Cheibriados
Dithmenos
Elyvilon
Fedhas
Gozag
Hepliaklqana
Kikubaaqudgha
Makhleb
Nemelex Xobeh
Okawaru
Qazlal
Ru
Sif Muna
Trog
Uskayaw
Vehumet
Wu Jian
Xom
Yredelemnul
Zin
The Shining One
Beogh
Jiyva
Lugonu

Shops:
D:10 [   D:13 [   Orc:2 *[::(   Elf:1 **[[   Elf:3 ?   Shoals:4 =   Vaults:2 =
Vaults:4 *   Depths:5 }=}

Portals:
Hell: Depths:1 Depths:3 Depths:4 Depths:5
Abyss: Depths:4
Pandemonium: Depths:3
Ziggurat: Depths:4

Annotations:
Lair:1 exclusion: 2 oklob plants
Lair:4 exclusion: oklob plant
Coc:7 Antaeus
Zot:2 exclusion: 2 oklob plants


Innate Abilities, Weirdness & Mutations

You cannot wear most types of armour.
You are very stealthy in the water. (Stealth+)
You are amphibious.
You can wear up to eight rings at the same time.
You can use your tentacles to constrict eight enemies at once.
Your skin changes colour to match your surroundings (Stealth+).
((Your rubbery body absorbs attacks. (AC +1, EV +1)))
(You are partially covered in rugged brown scales. (AC +1, +3% HP))
((You are mostly covered in slimy green scales. (AC +3)))
Scrolls take you a little longer to read.
Your flesh is very cold resistant. (rC++)
Your body sometimes deteriorates upon taking damage.
You are dopey. (Int -2)
You are frail. (-10% HP)
You are somewhat resistant to further mutation.
You passively map the area around you.
You frequently scream uncontrollably at your foes.
You are weak. (Str -2)
Your spells are a little easier to cast, but a little less powerful.


Message History

The quasit dies!
Cheibriados thoroughly appreciates the change of pace.
Casting: Regeneration
Confirm with . or Enter, or press ? or * to list all spells.
You turn into a living statue of rough stone.
Casting: Statue Form
Confirm with . or Enter, or press ? or * to list all spells.
Your skin crawls.
A shadow imp comes into view.
The shadow imp moves out of view.
You block the shadow imp's attack. x3
Your primal shockfire beast hits the shadow imp!
The shadow imp dies!
Cheibriados thoroughly appreciates the change of pace.
There is a staircase leading out of the dungeon here.
You are a level 27 Octopode Artificer.
I'm sorry, level 27 is as high as you can go.
With the way you've been playing, I'm surprised you got this far.
Play time: 05:07:57 (46033 turns)
You have escaped!

....###.#####.#...#.....#,.......
.#............#.#.#.#...###......
..............#...#....).........
....)....... #.#.#......##......
#.#......... #...#.###..##......
#.#......######.#.######..#......
#.#......#.............#.........
#.#......#..(...H......#.........
#....#####......8......#.#.......
#....# #.............#.........
##...# #.............#..##.....
##...### ###############.####.#..
.......# #.........)...####.#..
.......# ##.[........####.......
.......# ##........#####...##...#
#####.####.[##....## ##..# #.#..
#####.###..##...### ...#####.###


You could see a friendly primal shockfire beast.

Vanquished Creatures
  Cerebov (Pan)
  Asmodeus (Geh:7)
  Ereshkigal (Tar:7)
  Gloorx Vloq (Pan)
  Lom Lobon (Pan)
  Mnoleg (Pan)
  A seraph (Pan)
  the Serpent of Hell (Coc:7)
  Dispater (Dis:7)
  3 orbs of fire (Zot:5)
  9 ancient liches
  Mennas (Crypt:1)
  Mara (Crypt:1)
  23 greater mummies
  Boris (Vaults:4)
  10 pandemonium lords
  13 shard shrikes
  Bai Suzhen (Vaults:2)
  Margery (Depths:5)
  2 curse toes
  2 Killer Klowns
  5 golden dragons
  Geryon (Hell)
  2 caustic shrikes (Depths:3)
  Jory (Crypt:1)
  2 pearl dragons (Pan)
  2 doom hounds
  7 bone dragons
  21 Brimstone Fiends
  19 Tzitzimimeh
  2 electric golems
  11 iron giants
  Jorgrun (Depths:4)
  18 tentacled monstrosities
  20 liches
  27 Orb Guardians
  2 deep elf blademasters
  18 Hell Sentinels
  8 titans
  18 Ice Fiends
  14 acid blobs
  3 death cobs
  2 deep elf master archers (Elf:3)
  8 quicksilver dragons
  A quicksilver dragon (shapeshifter) (Vaults:5)
  18 Executioners
  22 ancient champions
  3 tentacled starspawn
  Polyphemus (Shoals:4)
  13 sphinxes
  2 eldritch tentacles
  15 shadow dragons
  18 storm dragons
  7 warmongers (Pan)
  Donald (Spider:4)
  2 draconian monks (Zot:1)
  6 revenants
  8 tengu reavers
  Ilsuiw (Shoals:4)
  13 frost giants
  11 azure jellies
  14 daevas
  6 draconian knights
  9 deep elf sorcerers
  24 balrugs
  14 iron dragons
  2 draconian scorchers
  12 ghost moths
  19 fire giants
  2 orc warlords
  23 cacodemons
  11 vault wardens
  4 curse skulls
  5 emperor scorpions
  2 draconian stormcallers (Zot:3)
  5 draconian annihilators
  17 very ugly things
  16 ironheart preservers
  5 deep elf elementalists
  27 angels (Pan)
  52 reapers
  19 ghouls
  15 war gargoyles
  A spriggan defender (Depths:4)
  11 ophanim (Pan)
  15 stone giants
  4 entropy weavers
  6 bennus (Tomb:2)
  12 vampire knights
  8 blood saints (Pan)
  21 large abominations
  5 black suns (Pan)
  7 green draconians
  30 apis (Pan)
  8 corrupters (Pan)
  3 purple draconians
  9 lorocyprocas
  8 red draconians
  7 deep elf demonologists
  8 black draconians
  12 white draconians
  7 yellow draconians
  7 spark wasps
  5 merfolk javelineers
  9 deep elf annihilators
  12 eidola
  10 ettins
  12 deep elf death magi
  6 death oozes
  23 blizzard demons
  2 spectral quicksilver dragons (Crypt:3)
  19 mummy priests
  14 fire dragons
  A minotaur (Lab)
  8 merfolk impalers
  3 jiangshi
  9 green deaths
  6 quicksilver dragon zombies
  8 yaktaur captains
  3 deep elf high priests
  8 great orbs of eyes
  Erolcha (D:10)
  5 hell beasts
  7 quicksilver dragon skeletons
  29 ice dragons
  15 ogre magi
  6 hydras
  A catoblepas (Shoals:4)
  6 monstrous demonspawn (Pan)
  2 kraken zombies
  10 rakshasas
  Harold (Lair:1)
  32 vault guards
  2 spriggan air magi
  9 centaur warriors
  A satyr (Shoals:3)
  4 merfolk avatars
  A two-headed ogre (shapeshifter) (Vaults:5)
  46 two-headed ogres
  4 merfolk aquamancers (Shoals:4)
  2 spectral fire giants (Crypt:3)
  2 death knights
  15 dancing weapons
  11 death yaks
  58 death scarabs
  5 deep troll shamans
  8 titan zombies
  23 hell hogs
  An alligator (shapeshifter) (Elf:3)
  8 deep troll earth magi
  8 tengu warriors
  6 orc high priests
  2 spriggan berserkers
  10 vampire magi
  3 shock serpents (Pan)
  40 hell knights
  7 storm dragon zombies
  41 soul eaters
  13 thrashing horrors
  11 deep elf knights
  3 spectral storm dragons (Crypt:3)
  5 titan skeletons
  72 sun demons
  8 small abominations
  9 iron golems
  5 wretched stars
  A spatial maelstrom (Abyss:5)
  23 shadow wraiths
  7 sea snakes (Shoals:4)
  17 sixfirhies
  3 storm dragon skeletons
  8 iron trolls (Dis:7)
  A spark wasp zombie (Depths:3)
  9 anaconda zombies
  6 unseen horrors
  6 gelid demonspawn (Pan)
  A death drake (shapeshifter) (D:15)
  10 cherubim (Pan)
  2 death drakes (Tar:4)
  13 flayed ghosts
  4 golden dragon zombies
  6 infernal demonspawn (Pan)
  3 ghost moth zombies
  3 kraken simulacra
  101 skeletal warriors
  6 glowing orange brains
  18 shadow demons
  8 torturous demonspawn (Pan)
  An unseen horror (shapeshifter) (Depths:3)
  4 shadow dragon zombies
  17 deep trolls
  12 wizards
  An obsidian statue (Tar:4)
  18 ironbrand convokers
  11 necromancers
  22 phantasmal warriors
  5 anaconda skeletons
  3 golden dragon skeletons
  12 deep elf archers
  6 iron dragon zombies
  72 deep elf magi
  24 wolf spiders
  6 harpies
  4 orc sorcerers
  A tengu skeleton (Vaults:5)
  5 frost giant zombies
  13 orb spiders
  25 orc knights
  A spectral ettin (Crypt:3)
  2 spectral fire dragons (Crypt:3)
  5 wolf spider zombies
  55 ugly things
  6 fire giant zombies
  A shining eye (Pan)
  4 cyclopes
  6 fauns
  9 oklob plants (Zot:2)
  2 salamanders (Depths:5)
  5 elephants (Lair:6)
  2 stone giant zombies
  A worldbinder (Abyss:2)
  10 manticores
  2 iron dragon skeletons
  A moth of wrath (shapeshifter) (Depths:3)
  6 frost giant skeletons
  26 moths of wrath
  6 stone giant skeletons
  8 merfolk sirens
  2 shock serpent zombies
  2 fire giant skeletons
  A black mamba (shapeshifter) (Vaults:5)
  6 black mambas
  Maurice (D:13)
  4 apocalypse crabs
  A titan simulacrum (Coc:7)
  25 rust devils
  4 molten gargoyles
  3 water nymphs
  A guardian serpent (shapeshifter) (Zot:3)
  2 ice statues
  2 eyes of devastation
  Joseph (D:10)
  An alligator snapping turtle zombie (Crypt:3)
  3 dire elephant skeletons
  2 gargoyles
  9 vault sentinels
  48 smoke demons
  21 orange demons
  4 shock serpent skeletons
  An eye of devastation (shapeshifter) (Elf:2)
  4 storm dragon simulacra (Coc:7)
  2 elf skeletons
  A black draconian zombie (Geh:7)
  2 emperor scorpion zombies
  A rime drake (shapeshifter) (Vaults:3)
  4 catoblepas zombies
  A death yak zombie (Crypt:3)
  12 spiny frogs
  32 hellions
  A sea snake zombie (Crypt:1)
  A yaktaur (shapeshifter) (Depths:3)
  21 hellwings
  2 spriggan zombies (Depths:2)
  2 ancient zymes
  11 yaktaurs
  9 rime drakes
  7 efreet
  7 komodo dragons
  54 freezing wraiths
  31 red devils
  34 tormentors
  A harpy zombie (Geh:4)
  30 ice devils
  29 demonic crawlers
  32 guardian mummies
  A troll (shapeshifter) (Depths:4)
  16 anaconda simulacra
  A black draconian skeleton (Geh:7)
  A golden dragon simulacrum (IceCv)
  16 trolls
  24 jumping spiders
  10 hydra zombies
  3 silent spectres
  A spectral harpy (Crypt:3)
  A polar bear (shapeshifter) (D:12)
  4 tengu conjurers
  2 harpy skeletons
  5 wind drakes (Shoals:4)
  Prince Ribbit (D:8)
  3 ice dragon zombies
  A minotaur skeleton (Dis:6)
  10 hornets
  19 merfolk
  13 alligator zombies
  A hornet (shapeshifter) (Vaults:2)
  3 fire dragon zombies
  2 raiju
  12 blink frogs
  9 hydra skeletons
  2 hippogriffs (shapeshifter)
  An iron dragon simulacrum (Crypt:3)
  56 slime creatures
  9 ettin zombies
  9 bog bodies
  2 frost giant simulacra
  A snapping turtle (shapeshifter) (Vaults:5)
  7 snapping turtles
  A spectral black mamba (Crypt:3)
  9 hippogriffs
  A slime creature (shapeshifter) (Depths:3)
  3 alligator skeletons
  2 stone giant simulacra
  81 flying skulls
  9 dream sheep
  3 air elementals (Elf:1)
  55 orc warriors
  Sigmund (D:6)
  8 ice dragon skeletons
  24 shadows
  13 water elementals
  A spriggan (shapeshifter) (Depths:3)
  17 starcursed masses
  8 fire dragon skeletons
  44 redbacks
  27 tarantellas
  3 ettin skeletons
  21 ynoxinuls
  A wyvern (shapeshifter) (Depths:5)
  11 yaks
  4 centaur simulacra
  A vampire (Abyss:5)
  2 black mamba zombies
  14 spriggans
  A wyvern (Lair:3)
  Grum (D:9)
  7 dire elephant simulacra
  29 wraiths
  19 fire elementals
  5 fire bats (Abyss:3)
  12 ushabtiu
  2 basilisks (shapeshifter)
  A golden eye (Slime:3)
  12 neqoxecs
  2 humans (shapeshifter)
  3 basilisks
  3 black mamba skeletons
  23 chaos spawn
  2 hungry ghosts
  12 vampire mosquitoes
  A warg (shapeshifter) (Depths:1)
  6 harpy simulacra (IceCv)
  8 steam dragons (Lair:6)
  Edmund (D:6)
  Menkaure (D:6)
  A spatial vortex (Abyss:5)
  An acid dragon (shapeshifter) (Depths:1)
  7 wargs
  2 spectral snapping turtles (Crypt:3)
  4 acid dragons
  7 hydra simulacra
  The ghost of CakeIsGreat the Digger, an amateur GrEE (D:3)
  43 hell hounds
  12 water moccasins
  3 porcupines
  8 spiny frog zombies
  2 spiny frog skeletons
  A black bear (shapeshifter) (Depths:3)
  6 snapping turtle zombies
  An alligator simulacrum (Coc:6)
  5 ice beasts
  6 eyes of draining
  A sky beast (shapeshifter) (Vaults:5)
  A hornet zombie (D:8)
  6 phantoms
  6 black bears (Lair:6)
  An ice dragon simulacrum (Abyss:5)
  9 boggarts
  3 sky beasts
  A swamp dragon zombie (Dis:1)
  21 necrophages
  21 centaurs
  29 wolves
  A manticore skeleton (Geh:7)
  A wolf (shapeshifter) (Depths:5)
  32 ogres
  A lindwurm skeleton (Crypt:3)
  5 snapping turtle skeletons
  A swamp dragon skeleton (Tar:6)
  10 crocodiles
  3 big kobolds
  Blork the orc (D:4)
  14 bullfrogs
  A komodo dragon zombie (Crypt:2)
  6 earth elementals
  An elf zombie (Tar:1)
  2 yaktaur skeletons
  2 wyvern zombies (D:13)
  A spiny frog simulacrum (Hell)
  A wyvern skeleton (D:14)
  2 troll zombies
  A raiju zombie (Crypt:1)
  5 scorpions
  2 snapping turtle simulacra
  34 wights
  11 killer bees
  13 howler monkeys
  2 electric eels (Lair:1)
  7 centaur zombies
  8 crimson imps
  3 draconian simulacra (IceCv)
  2 bullfrog zombies
  3 quasits
  12 hounds
  2 jellies
  26 orc priests
  6 centaur skeletons
  3 bullfrog skeletons
  19 iron imps
  A demonspawn skeleton (Crypt:2)
  7 iguanas
  21 orc wizards
  3 human skeletons
  A hell rat (Lair:4)
  12 worker ants
  2 troll simulacra (IceCv)
  2 spriggan simulacra (IceCv)
  5 ogre zombies (D:10)
  A crocodile skeleton (Crypt:1)
  A felid skeleton (Crypt:1)
  A hound zombie (D:6)
  A hound skeleton (D:11)
  30 mummies
  4 gnolls
  10 adders
  2 howler monkey skeletons
  4 naga simulacra (IceCv)
  An ogre simulacrum (IceCv)
  11 shadow imps
  17 white imps
  An ooze (D:2)
  7 ufetubi
  An adder zombie (Crypt:3)
  An iguana skeleton (Crypt:3)
  A lava snake zombie (Crypt:3)
  An adder skeleton (D:10)
  2 worms
  A dart slug (D:2)
  3 leopard geckos
  122 orcs
  3 bats
  2 giant cockroaches
  7 goblins
  7 hobgoblins
  13 jackals
  26 kobolds
  8 quokkas
  2 ball pythons
  2 frilled lizards (D:2)
  3 goblin zombies
  3 hobgoblin skeletons (D:10)
  2 hobgoblin zombies (D:10)
  A jackal skeleton (D:5)
  A leopard gecko zombie (Crypt:3)
  4 orc skeletons (D:10)
  9 orc zombies
  4 rats
  A rat zombie (D:6)
  A bush (Zot:2)
  7 crawling corpses
  2 fire vortices
  5 fungi
  3 plants (Zot:2)
  A snaplasher vine (D:2)
  3 starspawn tentacles (Abyss:1)
  6 tentacles
4406 creatures vanquished.

Vanquished Creatures (collateral kills)
  the Royal Jelly (Slime:5)
  An orb of fire (Zot:5)
  An ancient lich (Zot:5)
  3 greater mummies (Tomb:3)
  3 Killer Klowns (Zot:5)
  A tentacled monstrosity (Pan)
  3 Ice Fiends (Coc:7)
  A lich (Tar:7)
  A deep elf blademaster (Elf:3)
  4 acid blobs (Slime:5)
  3 ancient champions (Dis:7)
  3 azure jellies (Slime:5)
  A daeva (Pan)
  A frost giant (Coc:7)
  2 cacodemons (Pan)
  2 blood saints (Pan)
  A warmonger (Pan)
  3 very ugly things (Pan)
  A war gargoyle (Dis:7)
  4 reapers
  A deep elf annihilator (Pan)
  A green draconian (Zot:5)
  2 lorocyprocas
  A deep elf demonologist (Elf:3)
  A white draconian (Zot:5)
  A green death (Pan)
  2 blizzard demons (Coc:7)
  A mummy priest (Tomb:3)
  A deep elf death mage (Elf:3)
  3 great orbs of eyes
  2 ice dragons (Coc:7)
  A hydra (Lair:6)
  2 two-headed ogres (Vaults:3)
  19 death scarabs (Tomb:3)
  2 hell hogs (Geh:7)
  A titan zombie (Tar:7)
  An iron golem (Dis:7)
  3 sun demons (Pan)
  A soul eater (Pan)
  A titan skeleton (Tar:7)
  5 sixfirhies (Pan)
  A shadow wraith (Tar:7)
  An iron troll (Dis:7)
  4 skeletal warriors (Tar:7)
  An infernal demonspawn (Pan)
  A gelid demonspawn (Pan)
  A kraken simulacrum (Coc:7)
  A torturous demonspawn (Pan)
  A shadow dragon zombie (Dis:7)
  3 shining eyes
  An ugly thing (Pan)
  An orb spider (Spider:4)
  A stone giant zombie (Geh:7)
  A frost giant zombie (Dis:7)
  3 rust devils (Dis:7)
  5 orange demons (Pan)
  2 titan simulacra (Coc:7)
  A smoke demon (Pan)
  A fire giant skeleton (Geh:7)
  2 molten gargoyles (Geh:7)
  A large abomination (Pan)
  A catoblepas zombie (Tar:7)
  A dire elephant skeleton (Geh:7)
  A spiny frog (Lair:6)
  3 anaconda simulacra (Coc:7)
  A yaktaur (Vaults:5)
  4 hellions
  A demonic crawler (Spider:1)
  A tormentor (Dis:7)
  A freezing wraith (Dis:7)
  2 red devils (Geh:7)
  5 guardian mummies (Tomb:3)
  A blink frog (Lair:6)
  A hydra skeleton (Tar:7)
  17 slime creatures
  5 ynoxinuls (Pan)
  A redback (Spider:1)
  2 orc warriors
  9 ushabtiu (Tomb:3)
  2 wraiths
  5 golden eyes
  A hungry ghost (Coc:7)
  6 neqoxecs (Pan)
  Duvessa (D:6)
  3 eyes of draining
  A necrophage (Tar:7)
  A manticore zombie (Dis:7)
  3 wolves (Lair:6)
  A small abomination (D:2)
  Dowan (D:6)
  A spriggan skeleton (Geh:7)
  A quasit (D:1)
  An orc priest (D:6)
  An orc wizard (Orc:2)
  4 iron imps (Dis:7)
  10 mummies (Tomb:3)
  2 shadow imps
  7 ball lightnings (Pan)
  5 orcs (D:6)
  A quokka (D:6)
  A kobold (D:1)
241 creatures vanquished.

Vanquished Creatures (others)
  A pandemonium lord (D:12)
  24 eldritch tentacles
  2 revenants (Tomb:2)
  A deep elf sorcerer (Vaults:5)
  A balrug (Pan)
  Aizul (Vaults:4)
  A deep elf annihilator (Pan)
  2 merfolk javelineers (Shoals:4)
  A blizzard demon (Coc:7)
  A yaktaur captain (Vaults:3)
  A green death (Pan)
  A vault guard (Vaults:5)
  An ice dragon (Zot:3)
  4 centaur warriors
  A rakshasa (Pan)
  2 hell hogs
  5 death scarabs (Tomb:3)
  An orc high priest (Orc:2)
  3 sun demons (Pan)
  A glowing orange brain (Pan)
  A phantasmal warrior (Vaults:5)
  A deep elf archer (Vaults:5)
  A faun (Shoals:3)
  A necromancer (Depths:5)
  2 moths of wrath (Zot:5)
  A cyclops (Shoals:2)
  A stone giant skeleton (Tomb:2)
  A vault sentinel (Vaults:5)
  8 yaktaurs
  A rime drake (Lair:6)
  A guardian mummy (Tomb:3)
  A hydra zombie (Coc:5)
  2 flying skulls
  A tarantella (Spider:4)
  A fire elemental (Geh:3)
  2 redbacks
  A fire bat (Abyss:3)
  2 ynoxinuls (Pan)
  A chaos spawn (Abyss:3)
  4 orc warriors
  An ogre (D:6)
  5 centaurs
  A snapping turtle simulacrum (Hell)
  2 wights
  A human zombie (Tomb:2)
  3 iron imps
  A hell rat (Lair:6)
  4 mummies
  A shadow imp (Tar:1)
  A white imp (Coc:7)
  An ufetubus (Abyss:1)
  12 ball lightnings (Pan)
  A bush (Lair:6)
  2 crawling corpses
  A fire vortex (Geh:7)
  24 fungi
  21 plants
  18 snaplasher vines
  5 starspawn tentacles
  30 tentacles
  27 withered plants (Crypt:2)
251 creatures vanquished.

Grand Total: 4898 creatures vanquished

Notes
Turn   | Place    | Note
-------+----------+-------------------------------------------
     0 | D:1      | M4edhros the Octopode Artificer began the quest for the Orb.
     0 | D:1      | Reached XP level 1. HP: 13/13 MP: 3/3
    89 | D:1      | Reached XP level 2. HP: 9/18 MP: 4/4
   242 | D:2      | Reached XP level 3. HP: 19/23 MP: 5/5
   425 | D:3      | Noticed CakeIsGreat's ghost (amateur GrEE)
   529 | D:4      | Reached skill level 1 in Unarmed Combat
   558 | D:4      | Reached skill level 5 in Stealth
   558 | D:4      | Reached XP level 4. HP: 26/28 MP: 6/6
   582 | D:4      | Noticed a centaur
   593 | D:4      | Killed a centaur
   593 | D:4      | Reached skill level 2 in Unarmed Combat
   593 | D:4      | Reached XP level 5. HP: 33/33 MP: 7/7
   639 | D:5      | Entered Level 5 of the Dungeon
   647 | D:5      | Noticed a sky beast
   740 | D:5      | Reached XP level 6. HP: 38/38 MP: 8/8
   849 | D:5      | Killed a sky beast
   849 | D:5      | Reached skill level 3 in Unarmed Combat
   858 | D:5      | Gained mutation: Your system is resistant to poisons. (rPois) [mutagenic meat]
   859 | D:5      | Gained mutation: Scrolls take you a little longer to read. [mutagenic meat]
   860 | D:5      | Gained mutation: Your flesh is heat resistant. (rF+) [mutagenic meat]
   861 | D:5      | Gained mutation: You tend to lose your temper in combat. [mutagenic meat]
   866 | D:5      | Found a stormy altar of Qazlal.
   962 | D:6      | Noticed an orc warrior
   996 | D:6      | Reached XP level 7. HP: 38/43 MP: 9/9
  1200 | D:7      | Reached skill level 4 in Unarmed Combat
  1221 | D:7      | Reached skill level 1 in Shields
  1276 | D:7      | Reached XP level 8. HP: 50/50 MP: 10/10
  1311 | D:7      | Learned a level 3 spell: Spider Form
  1385 | D:6      | Reached skill level 5 in Dodging
  1396 | D:6      | Noticed Edmund
  1400 | D:6      | Killed Edmund
  1524 | D:6      | Noticed Duvessa
  1528 | D:6      | Noticed Menkaure
  1534 | D:6      | Killed Duvessa
  1536 | D:6      | Killed Menkaure
  1573 | D:6      | Noticed Dowan
  1582 | D:6      | Killed Dowan
  1582 | D:6      | Reached skill level 5 in Unarmed Combat
  1651 | D:6      | Reached XP level 9. HP: 46/57 MP: 11/11
  1662 | D:6      | Noticed Sigmund
  1675 | D:6      | Killed Sigmund
  2082 | D:6      | Found a staircase to the Ecumenical Temple.
  2107 | Temple   | Entered the Ecumenical Temple
  2126 | Temple   | Became a worshipper of Cheibriados the Contemplative
  2237 | D:3      | Killed CakeIsGreat's ghost
  2377 | D:2      | Found a shattered altar of Ashenzari.
  2380 | D:2      | Found an ancient bone altar of Kikubaaqudgha.
  2381 | D:2      | Found an iron altar of Okawaru.
  2382 | D:2      | Found a glowing golden altar of the Shining One.
  2382 | D:2      | Found a blossoming altar of Fedhas.
  2382 | D:2      | Found an ornate altar of the Wu Jian Council.
  2382 | D:2      | Found a shadowy altar of Dithmenos.
  2382 | D:2      | Found a hide-covered altar of Uskayaw.
  2383 | D:2      | Found a glowing silver altar of Zin.
  2384 | D:2      | Found a shimmering altar of Xom.
  2385 | D:2      | Found a deep blue altar of Sif Muna.
  2386 | D:2      | Found a sacrificial altar of Ru.
  2675 | D:4      | Noticed Blork the orc
  2683 | D:4      | Reached * piety under Cheibriados
  2687 | D:4      | Killed Blork the orc
  2732 | D:4      | Reached skill level 1 in Transmutations
  3070 | D:8      | Noticed a two-headed ogre
  3078 | D:8      | Killed a two-headed ogre
  3078 | D:8      | Reached skill level 6 in Unarmed Combat
  3078 | D:8      | Reached skill level 1 in Invocations
  3245 | D:8      | Reached XP level 10. HP: 56/65 MP: 13/13
  3249 | D:8      | Reached ** piety under Cheibriados
  3325 | D:8      | Noticed Prince Ribbit
  3335 | D:8      | Killed Prince Ribbit
  3398 | D:8      | Noticed a two-headed ogre
  3406 | D:8      | Killed a two-headed ogre
  3475 | D:8      | Reached skill level 5 in Fighting
  3581 | D:8      | Found a roughly hewn altar of Beogh.
  3602 | D:8      | Reached *** piety under Cheibriados
  3746 | D:9      | Reached skill level 5 in Shields
  3785 | D:9      | Noticed Grum
  3814 | D:9      | Learned a level 5 spell: Blade Hands
  3839 | D:9      | Killed Grum
  3841 | D:9      | Reached **** piety under Cheibriados
  4007 | D:9      | Noticed a two-headed ogre
  4010 | D:9      | Noticed a two-headed ogre
  4013 | D:9      | Reached XP level 11. HP: 56/72 MP: 17/17
  4157 | D:10     | Entered Level 10 of the Dungeon
  4216 | D:11     | Found a blossoming altar of Fedhas.
  4231 | D:11     | Reached skill level 7 in Unarmed Combat
  4231 | D:11     | Reached skill level 5 in Transmutations
  4375 | D:10     | Noticed Joseph
  4384 | D:10     | Killed Joseph
  4431 | D:10     | Reached ***** piety under Cheibriados
  4435 | D:10     | Found a staircase to the Orcish Mines.
  4438 | D:10     | Reached skill level 5 in Spellcasting
  4512 | Orc:1    | Entered Level 1 of the Orcish Mines
  4512 | Orc:1    | Found a roughly hewn altar of Beogh.
  4524 | Orc:1    | Noticed an orc knight
  4535 | D:10     | Killed an orc knight
  4608 | Orc:1    | Noticed an orc high priest
  4619 | Orc:1    | Killed an orc high priest
  4709 | Orc:1    | Noticed an orc knight
  4715 | Orc:1    | Killed an orc knight
  4807 | Orc:2    | Entered Level 2 of the Orcish Mines
  4856 | Orc:2    | Noticed an orc high priest
  4858 | Orc:2    | Noticed a soul eater
  4859 | Orc:2    | Noticed an orc sorcerer
  4860 | Orc:2    | Killed an orc high priest
  4860 | Orc:2    | Reached skill level 5 in Invocations
  4866 | Orc:2    | Reached ****** piety under Cheibriados
  4874 | Orc:2    | Killed an orc sorcerer
  4963 | D:11     | Noticed a skeletal warrior
  4964 | D:11     | Noticed a death knight
  5262 | D:10     | Noticed Erolcha
  5274 | D:10     | Killed Erolcha
  5274 | D:10     | Reached XP level 12. HP: 78/78 MP: 15/21
  5327 | D:10     | Found a portal to a secret trove of treasure.
  5343 | D:10     | Found Jasug's Antique Armour Boutique.
  5481 | D:11     | Found a staircase to the Lair.
  5513 | Lair:1   | Entered Level 1 of the Lair of Beasts
  5609 | Lair:1   | Noticed Harold
  5617 | Lair:1   | Killed Harold
  5632 | Lair:1   | Noticed an eight-headed hydra
  5640 | Lair:1   | Killed an eight-headed hydra
  5647 | Lair:1   | Noticed a six-headed hydra
  5660 | Lair:1   | Killed a six-headed hydra
  5660 | Lair:1   | Reached skill level 8 in Unarmed Combat
  5926 | Lair:2   | Noticed a five-headed hydra
  5940 | Lair:2   | Found a labyrinth entrance.
  5949 | Lab      | Entered a labyrinth
  6162 | Lab      | Noticed a minotaur
  6166 | Lab      | Killed a minotaur
  6168 | Lab      | Got a smoking lapis lazuli ring
  6169 | Lab      | Identified the ring "Niam" {rElec rF+ rC- Str+6} (You took it off a minotaur in a labyrinth)
  6176 | Lab      | Got a sparkling copper ring
  6177 | Lab      | Identified the ring of the Leaf {*Drain rPois Str+4 Int+3} (You found it in a labyrinth)
  6186 | Lab      | Learned a level 7 spell: Dragon Form
  6188 | Lab      | Learned a level 1 spell: Confusing Touch
  6193 | Lab      | Learned a level 4 spell: Ice Form
  6197 | Lab      | Learned a level 3 spell: Tukima's Dance
  6469 | Lair:4   | Found a staircase to the Shoals.
  6565 | Lair:4   | Reached XP level 13. HP: 60/83 MP: 21/23
  6569 | Lair:4   | Found a hole to the Spider Nest.
  7097 | Lair:5   | Learned a level 3 spell: Ozocubu's Armour
  7121 | Lair:6   | Entered Level 6 of the Lair of Beasts
  7182 | Lair:6   | Found a runed door.
  7357 | Lair:6   | Reached skill level 9 in Unarmed Combat
  7383 | Lair:6   | Reached XP level 14. HP: 67/89 MP: 19/26
  7400 | Lair:6   | Reached skill level 10 in Transmutations
  7436 | Lair:6   | Learned a level 4 spell: Summon Ice Beast
  7509 | Lair:6   | Lost mutation: Your flesh is heat resistant. (rF+) [a Zot trap]
  7577 | Lair:6   | Lost mutation: Scrolls take you a little longer to read. [potion of mutation]
  7577 | Lair:6   | Lost mutation: You tend to lose your temper in combat. [potion of mutation]
  7577 | Lair:6   | Gained mutation: Your flesh is cold resistant. (rC+) [potion of mutation]
  7577 | Lair:6   | Gained mutation: You are partially covered in slimy green scales. (AC +2) [potion of mutation]
  7957 | Spider:1 | Entered Level 1 of the Spider Nest
  8443 | Orc:2    | Found Poxkomut's Book Emporium.
  8480 | Orc:2    | Found Urekh's Antique Weapon Emporium.
  8504 | Orc:2    | Found a staircase to the Elven Halls.
  8589 | Orc:2    | Reached skill level 10 in Dodging
  8646 | Orc:2    | Found Dolalos's Antique Armour Boutique.
  8646 | Orc:2    | Noticed an orc warlord
  8657 | Orc:2    | Found Fured's General Store.
  8657 | Orc:2    | Paralysed by an orc sorcerer for 7 turns
  8858 | D:11     | Found a runed door.
  8944 | D:11     | Found a roughly hewn altar of Beogh.
  8984 | D:11     | Reached skill level 10 in Spellcasting
  9134 | D:12     | Noticed a tengu reaver
  9145 | D:12     | Killed a tengu reaver
  9159 | D:12     | Noticed a deep elf annihilator
  9164 | D:12     | Killed a deep elf annihilator
  9170 | D:12     | Noticed a stone giant
  9177 | D:12     | Killed a stone giant
  9178 | D:12     | Noticed a storm dragon
  9184 | D:12     | Killed a storm dragon
  9184 | D:12     | Reached skill level 10 in Unarmed Combat
  9215 | D:12     | Gained mutation: Scrolls take you a little longer to read. [mutagenic meat]
  9216 | D:12     | Gained mutation: You are resistant to electric shocks. (rElec) [mutagenic meat]
  9217 | D:12     | Lost mutation: You are partially covered in slimy green scales. (AC +2) [mutagenic meat]
  9275 | D:12     | Reached XP level 15. HP: 94/94 MP: 22/29
  9563 | D:13     | Found a flagged portal.
  9574 | Bailey   | Entered a bailey
  9851 | D:13     | Gained mutation: Your magical capacity is low. (-10% MP) [mutagenic meat]
  9888 | D:13     | Found a gate to the Vaults.
  9981 | D:13     | Noticed Maurice
  9985 | D:13     | Killed Maurice
 10029 | D:13     | Found Edwai's Antique Armour Boutique.
 10122 | D:14     | Gained mutation: You are frail. (-10% HP) [mutagenic meat]
 10123 | D:14     | Gained mutation: Your magical capacity is very low. (-20% MP) [mutagenic meat]
 10124 | D:14     | Gained mutation: Your muscles are strong. (Str +2) [mutagenic meat]
 10125 | D:14     | Lost mutation: You are frail. (-10% HP) [potion of mutation]
 10125 | D:14     | Lost mutation: Scrolls take you a little longer to read. [potion of mutation]
 10125 | D:14     | Lost mutation: Your magical capacity is very low. (-20% MP) [potion of mutation]
 10125 | D:14     | Gained mutation: Your spells are a little easier to cast, but a little less powerful. [potion of mutation]
 10125 | D:14     | Gained mutation: You are robust. (+10% HP) [potion of mutation]
 10129 | D:14     | Gained mutation: You tend to lose your temper in combat. [mutagenic meat]
 10133 | D:14     | Gained mutation: You are resistant to hostile enchantments. (MR+) [mutagenic meat]
 10146 | D:14     | Gained mutation: You passively map a small area around you. [mutagenic meat]
 10148 | D:14     | Lost mutation: You are robust. (+10% HP) [mutagenic meat]
 10186 | D:14     | Found a shattered altar of Ashenzari.
 10260 | D:14     | Gained mutation: You are clumsy. (Dex -2) [mutagenic meat]
 10363 | D:14     | Learned a level 7 spell: Haunt
 10409 | D:15     | Entered Level 15 of the Dungeon
 10445 | D:15     | Reached skill level 1 in Summonings
 10448 | D:15     | Reached skill level 1 in Necromancy
 10466 | D:15     | Gained mutation: You are partially covered in iridescent scales. (AC +2) [mutagenic meat]
 10468 | D:15     | Lost mutation: Your magical capacity is low. (-10% MP) [mutagenic meat]
 10469 | D:15     | Lost mutation: You are resistant to hostile enchantments. (MR+) [mutagenic meat]
 10470 | D:15     | Gained mutation: You are very clumsy. (Dex -4) [mutagenic meat]
 10471 | D:15     | Lost mutation: Your muscles are strong. (Str +2) [mutagenic meat]
 10473 | D:15     | Lost mutation: Your spells are a little easier to cast, but a little less powerful. [mutagenic meat]
 10474 | D:15     | Gained mutation: You are robust. (+10% HP) [mutagenic meat]
 10475 | D:15     | Gained mutation: Your muscles are strong. (Str +2) [mutagenic meat]
 10599 | D:15     | Lost mutation: Your flesh is cold resistant. (rC+) [mutagenic meat]
 10600 | D:15     | Gained mutation: Your flesh is heat resistant. (rF+) [mutagenic meat]
 10755 | D:15     | Found a staircase to the Depths.
 10771 | Depths:1 | Entered Level 1 of the Depths
 10771 | Depths:1 | Noticed a lich
 10974 | D:14     | Got a shimmering hunting sling
 10975 | D:14     | Identified the +9 hunting sling of Experimentation {freeze, +Inv rN+ Str-4 Int+3} (You found it on level 14 of the Dungeon)
 11021 | D:12     | Reached XP level 16. HP: 98/109 MP: 31/31
 11215 | Orc:2    | Found Mohicul's Book Shoppe.
 11224 | Orc:2    | Bought Epsoucenk's Reference Book on Lucky Transmigration for 900 gold pieces
 11233 | Orc:2    | Learned a level 6 spell: Statue Form
 11365 | Orc:2    | Bought a book of Necromancy for 480 gold pieces
 11365 | Orc:2    | Bought a potion of heal wounds for 80 gold pieces
 11377 | Orc:2    | Learned a level 3 spell: Regeneration
 11382 | Orc:2    | Learned a level 4 spell: Animate Dead
 11509 | Elf:1    | Entered Level 1 of the Elven Halls
 11524 | Elf:1    | Reached skill level 5 in Necromancy
 11527 | Elf:1    | Reached skill level 11 in Unarmed Combat
 11662 | Elf:1    | Found Xummiytor's General Store.
 11663 | Elf:1    | Found Tumuh's Armour Emporium.
 11663 | Elf:1    | Found Ebase's General Store.
 11669 | Elf:1    | Found Jiaraq's Antique Armour Emporium.
 11693 | Elf:1    | Bought a scroll of teleportation for 30 gold pieces
 11696 | Elf:1    | Bought a potion of agility for 68 gold pieces
 11696 | Elf:1    | Bought a potion of heal wounds for 85 gold pieces
 11696 | Elf:1    | Bought a scroll of teleportation for 51 gold pieces
 11796 | Elf:1    | Reached skill level 5 in Summonings
 12049 | Elf:3    | Entered Level 3 of the Elven Halls
 12096 | Elf:2    | Gained mutation: You passively map the area around you. [mutagenic meat]
 12098 | Elf:2    | Lost mutation: You are very clumsy. (Dex -4) [mutagenic meat]
 12283 | Elf:3    | Found Qygrone's Magic Scroll Shoppe.
 12380 | Elf:3    | Noticed a deep elf blademaster
 12388 | Elf:3    | Noticed an Ice Fiend
 12389 | Elf:3    | Noticed an Executioner
 12394 | Elf:3    | Killed a deep elf blademaster
 12394 | Elf:3    | Reached XP level 17. HP: 118/118 MP: 32/32
 12412 | Elf:3    | Reached skill level 5 in Evocations
 12420 | Elf:3    | Noticed a deep elf master archer
 12428 | Elf:3    | Noticed an Executioner
 12576 | Elf:3    | Noticed a Hell Sentinel
 12577 | Elf:3    | Noticed a Hell Sentinel
 12671 | Elf:3    | Gained mutation: You are partially covered in slimy green scales. (AC +2) [mutagenic meat]
 12673 | Elf:3    | Gained mutation: You often lose your temper in combat. [mutagenic meat]
 12755 | Elf:3    | Killed a deep elf master archer
 12768 | Elf:3    | Noticed a deep elf blademaster
 12774 | Elf:3    | Killed a deep elf blademaster
 12791 | Elf:3    | Learned a level 3 spell: Mephitic Cloud
 12801 | Elf:3    | Noticed a deep elf master archer
 12805 | Elf:3    | Killed a deep elf master archer
 12847 | Elf:3    | Identified the Collected Works on Bewitchment
 12855 | Elf:3    | Got a smoking iron amulet
 12856 | Elf:3    | Identified the amulet "Ziutoteps" {Inacc Dex+6 SInv} (You found it on level 3 of the Elven Halls)
 12878 | Elf:3    | Got a twitching emerald amulet
 13507 | Spider:2 | Reached skill level 1 in Earth Magic
 13796 | Spider:4 | Entered Level 4 of the Spider Nest
 13806 | Spider:4 | Reached XP level 18. HP: 127/127 MP: 33/33
 13811 | Spider:4 | Reached skill level 12 in Unarmed Combat
 13993 | Spider:4 | Noticed Donald
 14003 | Spider:4 | Killed Donald
 14253 | Spider:4 | Gained mutation: You have a pair of small antennae on your head. [mutagenic meat]
 14254 | Spider:4 | Gained mutation: You are partially covered in rugged brown scales. (AC +1, +3% HP) [mutagenic meat]
 14289 | Spider:4 | Reached skill level 10 in Shields
 14298 | Spider:4 | Reached skill level 5 in Earth Magic
 14328 | Spider:4 | Got a gossamer rune of Zot
 14405 | Spider:3 | Found a transporter.
 14465 | Spider:3 | Lost mutation: You are clumsy. (Dex -2) [the power of Zot]
 14470 | Spider:3 | Got a scintillating garnet amulet
 14476 | Spider:3 | Found a transporter.
 14487 | Spider:3 | Got a scorched wooden ring
 14535 | Spider:3 | Learned a level 2 spell: Song of Slaying
 14554 | Spider:3 | Lost mutation: You are robust. (+10% HP) [mutagenic meat]
 14555 | Spider:3 | Gained mutation: You occasionally shout uncontrollably at your foes. [mutagenic meat]
 14768 | Spider:3 | Reached skill level 10 in Summonings
 15175 | Elf:3    | Bought a scroll of acquirement for 832 gold pieces
 15175 | Elf:3    | Bought a scroll of identify for 32 gold pieces
 15175 | Elf:3    | Bought a scroll of identify for 32 gold pieces
 15175 | Elf:3    | Bought a scroll of identify for 32 gold pieces
 15175 | Elf:3    | Identified the amulet "Ruxzoi" {Inacc -Tele rF++ rC+ rN+} (You found it on level 3 of the Elven Halls)
 15177 | Elf:3    | Identified the amulet "Voafis" {Faith rF+ Str-4 Dex+4} (You took it off an entropy weaver on level 3 of the Spider Nest)
 15179 | Elf:3    | Identified the ring of Devotion {rPois rN+ SInv} (You found it on level 3 of the Spider Nest)
 15181 | Elf:3    | Got a shimmering hat
 15187 | Elf:3    | Identified the +2 hat "Jafipnuo" {*Drain rF+ MR++} (You acquired it on level 3 of the Elven Halls)
 15201 | Elf:3    | Got a heavily runed buckler
 15212 | Elf:3    | Identified the +1 buckler of Beogh {-Tele rC++ Str+4 Int+2} (You acquired it on level 3 of the Elven Halls)
 15458 | Shoals:1 | Entered Level 1 of the Shoals
 15788 | Shoals:2 | Reached XP level 19. HP: 125/125 MP: 29/34
 15903 | Shoals:4 | Entered Level 4 of the Shoals
 15909 | Shoals:4 | Noticed Polyphemus
 15910 | Shoals:4 | Noticed Ilsuiw
 15919 | Shoals:4 | Killed Polyphemus
 15919 | Shoals:4 | Reached skill level 10 in Necromancy
 15922 | Shoals:4 | Killed Ilsuiw
 15970 | Shoals:4 | Found a frozen archway.
 16035 | IceCv    | Entered an ice cave
 16435 | IceCv    | Noticed an Ice Fiend
 16459 | IceCv    | Killed an Ice Fiend
 16668 | Shoals:4 | Found the +2 hat of the Bear Spirit {Spirit, +Rage rN+ MR++}
 16747 | Shoals:4 | Found Osous's Jewellery Shoppe.
 16872 | Shoals:4 | Got a barnacled rune of Zot
 16961 | Shoals:4 | Got a scorched lead ring
 16963 | Shoals:4 | Identified the cursed ring "Ziklid" {+Fly Str+2 Dex-3 Slay-5} (You found it on level 4 of the Shoals)
 17366 | D:11     | Gained mutation: You are frail. (-10% HP) [mutagenic meat]
 17368 | D:11     | Gained mutation: You have an uncontrollable temper. [mutagenic meat]
 17454 | Vaults:1 | Entered Level 1 of the Vaults
 17697 | Vaults:3 | Reached XP level 20. HP: 83/119 MP: 20/35
 17723 | Vaults:3 | Learned a level 1 spell: Apportation
 18392 | Vaults:2 | Found Fytsucef's Jewellery Shoppe.
 18438 | Vaults:2 | Lost mutation: Your muscles are strong. (Str +2) [mutagenic meat]
 18440 | Vaults:2 | Lost mutation: You are resistant to electric shocks. (rElec) [mutagenic meat]
 18490 | Vaults:2 | Reached skill level 10 in Fighting
 18519 | Vaults:2 | Found a staircase to the Crypt.
 18524 | Crypt:1  | Entered Level 1 of the Crypt
 18555 | Crypt:3  | Entered Level 3 of the Crypt
 18563 | Crypt:3  | Reached skill level 13 in Unarmed Combat
 18576 | Crypt:3  | Reached XP level 21. HP: 122/127 MP: 26/36
 18588 | Crypt:3  | Reached skill level 10 in Invocations
 18692 | Crypt:3  | Found a staircase to the Tomb.
 18803 | Crypt:3  | Reached skill level 15 in Shields
 19243 | Crypt:3  | Identified Gloorx Vloq's Handbook of the Eagle
 19247 | Crypt:3  | Got a crude granite ring
 19266 | Crypt:3  | Got a wavering platinum ring
 19271 | Crypt:3  | Got a bound platinum ring
 19271 | Crypt:3  | Got a steaming bronze ring
 19295 | Crypt:3  | Learned a level 8 spell: Controlled Blink
 19462 | Crypt:3  | Reached skill level 1 in Translocations
 19652 | Crypt:1  | Noticed Mennas
 19654 | Crypt:1  | Noticed Jory
 19669 | Crypt:1  | Killed Mennas
 19669 | Crypt:1  | Reached XP level 22. HP: 135/135 MP: 28/37
 19670 | Crypt:1  | Killed Jory
 19764 | Crypt:1  | Noticed Mara
 19766 | Crypt:1  | Noticed M4edhros's illusion
 19776 | Crypt:1  | Killed Mara
 19800 | Crypt:1  | Reached skill level 14 in Unarmed Combat
 19898 | Crypt:1  | Reached skill level 5 in Translocations
 19987 | Crypt:1  | Identified the ring of Zeahy {+Fly rN+ Int+4 Dex+3 SInv} (You found it on level 3 of the Crypt)
 19989 | Crypt:1  | Identified the ring "Pewuengu" {rN+ SInv} (You found it on level 3 of the Crypt)
 19992 | Crypt:1  | Identified the ring of Midnight {rPois rN+} (You found it on level 3 of the Crypt)
 19995 | Crypt:1  | Identified the ring of the Saviour {*Tele Int+3} (You found it on level 3 of the Crypt)
 20017 | Crypt:1  | Got a bloodstained hunting sling
 20018 | Crypt:1  | Identified the +8 hunting sling "Cagetied" {speed, rElec rPois MR+ Int+3} (You found it on level 1 of the Crypt)
 20291 | Vaults:2 | Noticed Bai Suzhen
 20297 | Vaults:2 | Killed Bai Suzhen
 20581 | Vaults:3 | Found a roughly hewn altar of Beogh.
 20741 | Vaults:4 | Noticed Aizul
 20751 | Vaults:4 | Killed Aizul
 20795 | Vaults:4 | Found Xuptuane's Assorted Antiques.
 20803 | Vaults:4 | Bought a scroll of identify for 50 gold pieces
 20851 | Vaults:4 | Noticed Boris
 20860 | Vaults:4 | Killed Boris
 20860 | Vaults:4 | Reached XP level 23. HP: 104/142 MP: 22/38
 20988 | Vaults:4 | Reached skill level 15 in Dodging
 21090 | Vaults:4 | Gained mutation: You are weak. (Str -2) [mutagenic meat]
 21097 | Vaults:4 | Gained mutation: You are resistant to hostile enchantments. (MR+) [mutagenic meat]
 21098 | Vaults:4 | Lost mutation: You are weak. (Str -2) [mutagenic meat]
 21099 | Vaults:4 | Lost mutation: You are frail. (-10% HP) [mutagenic meat]
 21126 | Vaults:5 | Entered Level 5 of the Vaults
 21290 | Vaults:5 | Reached skill level 15 in Unarmed Combat
 21513 | Vaults:5 | Reached skill level 10 in Translocations
 21548 | Vaults:5 | Reached XP level 24. HP: 166/166 MP: 34/38
 21621 | Vaults:5 | Got a silver rune of Zot
 21702 | Vaults:5 | Lost mutation: You have an uncontrollable temper. [mutagenic meat]
 21703 | Vaults:5 | Gained mutation: Your muscles are strong. (Str +2) [mutagenic meat]
 21706 | Vaults:5 | Found the +3 warlock's mirror {reflect}
 21800 | Vaults:5 | Learned a level 4 spell: Summon Lightning Spire
 21820 | Vaults:5 | Noticed an ancient lich
 21823 | Vaults:5 | Killed an ancient lich
 21938 | Vaults:5 | Lost mutation: Your system is resistant to poisons. (rPois) [mutagenic meat]
 21939 | Vaults:5 | Gained mutation: Your mind is acute. (Int +2) [mutagenic meat]
 21962 | Vaults:5 | Identified the Disquisition on the Traveller and Contamination
 22327 | Vaults:1 | Gained mutation: Your magical capacity is low. (-10% MP) [a cacodemon]
 22574 | D:15     | Lost mutation: Your magical capacity is low. (-10% MP) [mutagenic meat]
 22577 | D:15     | Lost mutation: You are partially covered in rugged brown scales. (AC +1, +3% HP) [mutagenic meat]
 22587 | Depths:1 | Lost mutation: You are resistant to hostile enchantments. (MR+) [mutagenic meat]
 22677 | Depths:1 | Found a gateway to Hell.
 22682 | Hell     | Entered the Vestibule of Hell
 22682 | Hell     | Noticed Geryon
 22769 | Hell     | Killed Geryon
 22884 | Depths:2 | Reached XP level 25. HP: 169/169 MP: 34/38
 22989 | Depths:2 | Lost mutation: You are partially covered in iridescent scales. (AC +2) [mutagenic meat]
 22991 | Depths:2 | Lost mutation: Your mind is acute. (Int +2) [mutagenic meat]
 22992 | Depths:2 | Gained mutation: You are mostly covered in slimy green scales. (AC +3) [mutagenic meat]
 23093 | Depths:3 | Found a one-way gate leading to the halls of Pandemonium.
 23162 | Depths:3 | Lost mutation: You have a pair of small antennae on your head. [mutagenic meat]
 23245 | Depths:3 | Reached skill level 16 in Unarmed Combat
 23284 | Depths:3 | Identified the Papyrus of Excruciating Transmutation
 23405 | Depths:4 | Found a gateway to a ziggurat.
 23420 | Depths:4 | Found a one-way gate to the infinite horrors of the Abyss.
 23425 | Depths:4 | Voluntarily entered the Abyss.
 23636 | Abyss:1  | Paralysed by accursed screaming for 1 turns
 23729 | Abyss:1  | Gained mutation: Scrolls take you a little longer to read. [a neqoxec]
 23731 | Abyss:1  | Gained mutation: You are dopey. (Int -2) [a neqoxec]
 24011 | Abyss:2  | Gained mutation: Your flesh is cold resistant. (rC+) [mutagenic meat]
 24012 | Abyss:2  | Lost mutation: You often lose your temper in combat. [mutagenic meat]
 24141 | Abyss:3  | Noticed an ancient lich
 24144 | Abyss:3  | Killed an ancient lich
 24151 | Abyss:3  | Got an abyssal rune of Zot
 24204 | Abyss:5  | Entered Level 5 of the Abyss
 24265 | Abyss:5  | Reached XP level 26. HP: 179/179 MP: 40/40
 24289 | Abyss:5  | Noticed an ancient lich
 24299 | Abyss:5  | Killed an ancient lich
 24319 | Depths:4 | Escaped the Abyss
 24382 | Depths:4 | Noticed Jorgrun
 24393 | Depths:4 | Killed Jorgrun
 24655 | Depths:5 | Entered Level 5 of the Depths
 24716 | Depths:5 | Noticed Margery
 24725 | Depths:5 | Killed Margery
 24779 | Depths:5 | Found a flickering gateway to a bazaar.
 24797 | Bazaar   | Entered a bazaar
 24799 | Bazaar   | Found Fuarap's Assorted Antiques.
 24803 | Bazaar   | Found Piodgh's Jewellery Boutique.
 24803 | Bazaar   | Found Jizxaps's Weapon Boutique.
 24803 | Bazaar   | Found Eriujor's Jewellery Boutique.
 24841 | Bazaar   | Bought the ring "Tyrghicw" {rPois MR+ Int+4 Dex+4} for 574 gold pieces
 24847 | Bazaar   | Bought a scroll of amnesia for 80 gold pieces
 24847 | Bazaar   | Bought a potion of curing for 69 gold pieces
 24910 | Depths:5 | Reached skill level 15 in Fighting
 24928 | Depths:5 | Lost mutation: Scrolls take you a little longer to read. [mutagenic meat]
 24929 | Depths:5 | Lost mutation: Your flesh is heat resistant. (rF+) [mutagenic meat]
 24930 | Depths:5 | Gained mutation: You are agile. (Dex +2) [mutagenic meat]
 24932 | Depths:5 | Lost mutation: You are agile. (Dex +2) [mutagenic meat]
 24942 | Depths:5 | Lost mutation: You tend to lose your temper in combat. [mutagenic meat]
 24943 | Depths:5 | Lost mutation: Your muscles are strong. (Str +2) [mutagenic meat]
 24945 | Depths:5 | Gained mutation: You sometimes yell uncontrollably at your foes. [mutagenic meat]
 25008 | Depths:5 | Found Jegruhy's Gadget Boutique.
 25009 | Depths:5 | Found Amotu's Jewellery Emporium.
 25010 | Depths:5 | Found Oreemias's Gadget Boutique.
 25017 | Depths:5 | Bought the ring "Zuoraqy" {rCorr +Fly Dex+4} for 675 gold pieces
 25076 | Depths:5 | Reached skill level 15 in Spellcasting
 25097 | Depths:5 | Found a gate to the Realm of Zot.
 25129 | Zot:1    | Entered Level 1 of the Realm of Zot
 25139 | Zot:1    | Reached skill level 17 in Unarmed Combat
 25228 | Zot:1    | Reached XP level 27. HP: 187/187 MP: 37/42
 25461 | Zot:2    | Got a bound golden ring
 25462 | Zot:2    | Identified the ring "Fyaheacw" {rElec rC+ MR+} (You found it on level 2 of the Realm of Zot)
 25528 | Zot:2    | Gained mutation: One of your tentacles bears a spike. [mutagenic meat]
 25529 | Zot:2    | Gained mutation: Your body sometimes deteriorates upon taking damage. [mutagenic meat]
 25530 | Zot:2    | Gained mutation: You are partially covered in rugged brown scales. (AC +1, +3% HP) [mutagenic meat]
 25531 | Zot:2    | Gained mutation: You are resistant to hostile enchantments. (MR+) [mutagenic meat]
 26048 | Zot:3    | Noticed an ancient lich
 26064 | Zot:3    | Killed an ancient lich
 26152 | Zot:3    | Lost mutation: Your body sometimes deteriorates upon taking damage. [mutagenic meat]
 26153 | Zot:3    | Lost mutation: One of your tentacles bears a spike. [mutagenic meat]
 26154 | Zot:3    | Gained mutation: You are agile. (Dex +2) [mutagenic meat]
 26326 | Zot:5    | Entered Level 5 of the Realm of Zot
 26349 | Zot:5    | Gained mutation: You are somewhat resistant to further mutation. [mutagenic meat]
 26394 | Zot:5    | Reached skill level 18 in Unarmed Combat
 27209 | Orc:2    | Bought a book of Summonings for 1120 gold pieces
 27215 | Orc:2    | Learned a level 5 spell: Aura of Abjuration
 27221 | Orc:2    | Learned a level 5 spell: Summon Forest
 27230 | Orc:2    | Learned a level 8 spell: Lehudib's Crystal Spear
 27467 | Lair:5   | Reached skill level 1 in Conjurations
 28047 | Lair:6   | Found a viscous altar of Jiyva.
 28048 | Lair:6   | Found a staircase to the Slime Pits.
 28079 | Slime:1  | Entered Level 1 of the Pits of Slime
 28233 | Slime:5  | Entered Level 5 of the Pits of Slime
 28247 | Slime:5  | Reached skill level 5 in Conjurations
 28275 | Slime:5  | Noticed the Royal Jelly
 28280 | Slime:5  | Reached skill level 10 in Earth Magic
 28303 | Slime:5  | Found a viscous altar of Jiyva.
 28311 | Slime:5  | Killed the Royal Jelly
 28342 | Slime:5  | Got a smoking amber ring
 28343 | Slime:5  | Identified the ring of the Dozen Souls {rElec AC+4 Str+3} (You found it on level 5 of the Pits of Slime)
 28349 | Slime:5  | Got a slimy rune of Zot
 28373 | Slime:5  | Found the +2 Maxwell's thermic engine {flame, freeze, rF- rC-}
 28377 | Slime:5  | Got a scorched jade amulet
 28378 | Slime:5  | Identified the amulet "Syecsuodghug" {Inacc Dex+2} (You found it on level 5 of the Pits of Slime)
 28392 | Slime:5  | Identified the Guide on the Rocks and the Oath
 28482 | Slime:5  | Identified the Collected Works on Gliding Beguiling
 29048 | Tomb:1   | Entered Level 1 of the Tomb of the Ancients
 29138 | Tomb:1   | Reached skill level 19 in Unarmed Combat
 29182 | Tomb:1   | Noticed a greater mummy
 29184 | Tomb:1   | Noticed a greater mummy
 29187 | Tomb:1   | Noticed an ancient lich
 29189 | Tomb:1   | Noticed an ancient lich
 29190 | Tomb:1   | Killed a greater mummy
 29192 | Tomb:1   | Killed a greater mummy
 29196 | Tomb:1   | Killed an ancient lich
 29199 | Tomb:1   | Killed an ancient lich
 29199 | Tomb:1   | Reached skill level 10 in Conjurations
 29436 | Tomb:2   | Noticed a greater mummy
 29439 | Tomb:2   | Killed a greater mummy
 29442 | Tomb:2   | Noticed a greater mummy
 29444 | Tomb:2   | Noticed an ancient lich
 29451 | Tomb:2   | Noticed a greater mummy
 29451 | Tomb:2   | Killed a greater mummy
 29456 | Tomb:2   | Killed an ancient lich
 29464 | Tomb:2   | Killed a greater mummy
 29933 | Tomb:1   | Noticed a greater mummy
 29933 | Tomb:1   | Noticed a greater mummy
 29933 | Tomb:1   | Noticed a greater mummy
 29935 | Tomb:1   | Noticed a greater mummy
 29935 | Tomb:1   | Noticed a greater mummy
 29937 | Tomb:1   | Killed a greater mummy
 29944 | Tomb:1   | Noticed a greater mummy
 29946 | Tomb:1   | Killed a greater mummy
 29948 | Tomb:1   | Noticed a greater mummy
 29951 | Tomb:1   | Killed a greater mummy
 29958 | Tomb:1   | Killed a greater mummy
 29963 | Tomb:1   | Killed a greater mummy
 29965 | Tomb:1   | Killed a greater mummy
 29971 | Tomb:1   | Killed a greater mummy
 29977 | Tomb:1   | Noticed a greater mummy
 29981 | Tomb:1   | Killed a greater mummy
 30039 | Tomb:1   | Noticed a greater mummy
 30045 | Tomb:1   | Killed a greater mummy
 30083 | Tomb:1   | Noticed a greater mummy
 30087 | Tomb:1   | Killed a greater mummy
 30129 | Tomb:1   | Noticed a greater mummy
 30135 | Tomb:1   | Noticed a greater mummy
 30136 | Tomb:1   | Killed a greater mummy
 30136 | Tomb:1   | Reached skill level 20 in Unarmed Combat
 30152 | Tomb:1   | Killed a greater mummy
 30719 | D:10     | You paid a toll of 4 potions of resistance to enter a treasure trove
 30720 | Trove    | Entered a treasure trove
 30725 | Trove    | Got a bound copper ring
 30731 | Trove    | Got a heavily runed wooden ring
 30740 | Trove    | Identified the ring "Fiynku" {*Drain rPois rF++ Int+6} (You found it in a treasure trove)
 30746 | Trove    | Got a twitching iron ring
 30747 | Trove    | Identified the ring of Yricu {*Slow +Fly rPois Int+7} (You found it in a treasure trove)
 30748 | Trove    | Identified the ring of Laemar {Str-2 Int+3 Dex+3 Stlth+} (You found it in a treasure trove)
 30754 | Trove    | Got a faintly glowing brass amulet
 30755 | Trove    | Identified the amulet "Uqaweat" {Harm *Drain SInv} (You found it in a treasure trove)
 31117 | Pan      | Entered Pandemonium
 31117 | Pan      | Found an exit through the horrors of the Abyss.
 31122 | Pan      | Reached skill level 1 in Air Magic
 31237 | Pan      | Noticed Homoluac the pandemonium lord
 31240 | Pan      | Killed Homoluac the pandemonium lord
 31243 | Pan      | Gained mutation: You are frail. (-10% HP) [a neqoxec]
 31290 | Pan      | Noticed Weajeirr the pandemonium lord
 31291 | Pan      | Killed Weajeirr the pandemonium lord
 31347 | Pan      | Noticed Xedut the pandemonium lord
 31353 | Pan      | Killed Xedut the pandemonium lord
 31363 | Pan      | Gained mutation: Your body sometimes deteriorates upon taking damage. [a neqoxec]
 31383 | Pan      | Reached skill level 5 in Air Magic
 31399 | Depths:3 | Escaped Pandemonium
 31401 | Pan      | Entered Pandemonium
 31479 | Pan      | Got a dazzling large shield
 31480 | Pan      | Identified the cursed +0 large shield of Fashionability {rF++ MR- Slay+3 Stlth+} (You took it off a daeva in Pandemonium)
 31521 | Pan      | Found a glowing silver altar of Zin.
 31675 | Pan      | Got a coiled platinum amulet
 31676 | Pan      | Identified the amulet "Wydounloagh" {Reflect Int+4 SH+5} (You found it in Pandemonium)
 31710 | Pan      | Found a white marble altar of Elyvilon.
 32024 | Pan      | Reached skill level 10 in Evocations
 32436 | Pan      | Noticed a seraph
 32438 | Pan      | Killed a seraph
 32460 | Pan      | Reached skill level 15 in Earth Magic
 32498 | Pan      | Got a jewelled buckler
 32507 | Pan      | Found a glowing golden altar of the Shining One.
 32508 | Pan      | Identified the +1 buckler of the Griffon {+Blink rN++ MR- Int+2 Dex+2} (You took it off a cherub in Pandemonium)
 32519 | Pan      | Got a heavily runed jade ring
 32520 | Pan      | Identified the ring of the Echidna {rPois Str-4 Int+2 Dex+5} (You took it off a seraph in Pandemonium)
 32538 | Pan      | Got a demonic rune of Zot
 32546 | Pan      | Identified Coothrul's Catalogue of the Sparrow
 32653 | Depths:3 | Escaped Pandemonium
 32662 | Pan      | Entered Pandemonium
 32746 | Pan      | Found an exit through the horrors of the Abyss.
 32814 | Pan      | Found an exit through the horrors of the Abyss.
 32865 | Pan      | Found an exit through the horrors of the Abyss.
 33140 | Pan      | Entered the realm of Lom Lobon.
 33279 | Pan      | Noticed Lom Lobon
 33286 | Pan      | Got a magical rune of Zot
 33414 | Pan      | Found an exit through the horrors of the Abyss.
 33605 | Pan      | Noticed Boukhlin the pandemonium lord
 33609 | Pan      | Killed Boukhlin the pandemonium lord
 33657 | Pan      | Reached skill level 10 in Air Magic
 33777 | Pan      | Found an exit through the horrors of the Abyss.
 33797 | Pan      | Found an exit through the horrors of the Abyss.
 33985 | Pan      | Noticed Vurar the pandemonium lord
 33997 | Pan      | Killed Vurar the pandemonium lord
 34071 | Pan      | Found an exit through the horrors of the Abyss.
 34154 | Pan      | Entered the realm of Gloorx Vloq.
 34154 | Pan      | Found an exit through the horrors of the Abyss.
 34252 | Pan      | Noticed Gloorx Vloq
 34259 | Pan      | Killed Gloorx Vloq
 34266 | Pan      | Got a dark rune of Zot
 34359 | Pan      | Entered the realm of Cerebov.
 34363 | Pan      | Noticed Lom Lobon
 34373 | Pan      | Reached skill level 21 in Unarmed Combat
 34680 | Pan      | Killed Lom Lobon
 34733 | Pan      | Identified Deurphil's Reference Book on the Blistering Mountains
 34741 | Pan      | Got a crystal demon blade
 34742 | Pan      | Identified the +4 demon blade of Inquiry {flame, +Fly MP+9 Int+2} (You found it in Pandemonium)
 34762 | Pan      | Noticed Cerebov
 34780 | Pan      | Killed Cerebov
 34789 | Pan      | Got a transparent diamond amulet
 34790 | Pan      | Identified the amulet "Qaos Dae" {Faith Str+4 Int+3} (You found it in Pandemonium)
 34833 | Pan      | Got a fiery rune of Zot
 34975 | Pan      | Gained mutation: Your spells are a little easier to cast, but a little less powerful. [a cacodemon]
 35247 | Pan      | Noticed Sennast the pandemonium lord
 35285 | Pan      | Killed Sennast the pandemonium lord
 35305 | Pan      | Noticed Asarri the pandemonium lord
 35328 | Pan      | Killed Asarri the pandemonium lord
 35354 | Pan      | Found an exit through the horrors of the Abyss.
 35389 | Pan      | Noticed Fenwak the pandemonium lord
 35398 | Pan      | Killed Fenwak the pandemonium lord
 35398 | Pan      | Reached skill level 15 in Evocations
 35441 | Pan      | Noticed Venuph the pandemonium lord
 35648 | Pan      | Found an exit through the horrors of the Abyss.
 35789 | Depths:3 | Escaped Pandemonium
 35807 | Depths:3 | Learned a level 7 spell: Malign Gateway
 35810 | Pan      | Entered the realm of Mnoleg.
 35810 | Pan      | Entered Pandemonium
 35812 | Pan      | Gained mutation: Your magical capacity is low. (-10% MP) [a cacodemon]
 35861 | Pan      | Reached skill level 10 in Stealth
 35878 | Pan      | Gained mutation: You frequently scream uncontrollably at your foes. [a cacodemon]
 35896 | Pan      | Lost mutation: You are resistant to hostile enchantments. (MR+) [mutagenic meat]
 35900 | Pan      | Lost mutation: You frequently scream uncontrollably at your foes. [mutagenic meat]
 35993 | Pan      | Noticed Mnoleg
 36002 | Pan      | Killed Mnoleg
 36005 | Pan      | Reached skill level 15 in Conjurations
 36042 | Pan      | Lost mutation: Your magical capacity is low. (-10% MP) [mutagenic meat]
 36045 | Pan      | Lost mutation: You are agile. (Dex +2) [mutagenic meat]
 36059 | Pan      | Gained mutation: Your flesh is very cold resistant. (rC++) [mutagenic meat]
 36063 | Pan      | Lost mutation: Your body sometimes deteriorates upon taking damage. [mutagenic meat]
 36077 | Pan      | Lost mutation: You are frail. (-10% HP) [mutagenic meat]
 36105 | Pan      | Got a glowing rune of Zot
 36194 | Pan      | Gained mutation: Your body sometimes deteriorates upon taking damage. [a cacodemon]
 36249 | Pan      | Found an exit through the horrors of the Abyss.
 36258 | Pan      | Gained mutation: You are frail. (-10% HP) [a neqoxec]
 36266 | Pan      | Took an exit into the Abyss.
 36266 | Abyss:1  | Escaped into the Abyss
 36376 | Depths:3 | Escaped the Abyss
 36440 | Hell     | Found a gateway to the ashen valley of Gehenna.
 36450 | Geh:1    | Entered Level 1 of Gehenna
 36633 | Geh:4    | Gained mutation: You frequently scream uncontrollably at your foes. [mutagenic glow]
 36920 | Geh:7    | Entered Level 7 of Gehenna
 37055 | Geh:7    | Identified the Tome of Creative Transformation
 37121 | Geh:7    | Reached skill level 22 in Unarmed Combat
 37242 | Geh:7    | Noticed Asmodeus
 37253 | Geh:7    | Killed Asmodeus
 37292 | Geh:7    | Found the +7 great mace "Undeadhunter" {disrupt, rN+}
 37292 | Geh:7    | Found the +2 cloak of the Thief {+Fog Slay-2 SInv Stlth+}
 37292 | Geh:7    | Found the +8 lance "Wyrmbane" {slay drac, rPois rF+ rC+ AC+3}
 37321 | Geh:7    | Got a sparkling brass ring
 37322 | Geh:7    | Identified the ring "Hoejugom" {*Slow rPois rC++ EV+4 Dex+3} (You found it on level 7 of Gehenna)
 37339 | Geh:7    | Got a transparent jade ring
 37361 | Geh:7    | Got an obsidian rune of Zot
 37370 | Geh:7    | Identified the ring of Acoykhla {rF- rN+ Str+2 Int+2 Dex+2} (You found it on level 7 of Gehenna)
 37561 | Hell     | Found a gateway to the Iron City of Dis.
 37566 | Dis:1    | Entered Level 1 of the Iron City of Dis
 38231 | Dis:7    | Entered Level 7 of the Iron City of Dis
 38249 | Dis:7    | Reached skill level 15 in Stealth
 38714 | Dis:7    | Gained mutation: You are weak. (Str -2) [a cacodemon]
 38715 | Dis:7    | Noticed Dispater
 38732 | Dis:7    | Killed Dispater
 38738 | Dis:7    | Got an iron rune of Zot
 38787 | Hell     | Found a gateway to the freezing wastes of Cocytus.
 38808 | Coc:1    | Entered Level 1 of Cocytus
 39204 | Coc:3    | Reached skill level 23 in Unarmed Combat
 39317 | Coc:5    | Reached skill level 15 in Air Magic
 39494 | Coc:7    | Entered Level 7 of Cocytus
 39502 | Coc:7    | Noticed the Serpent of Hell
 39512 | Coc:7    | Killed the Serpent of Hell
 39654 | Coc:7    | Got a slimy hat
 39865 | Coc:7    | Noticed Antaeus
 39886 | Coc:7    | Got an icy rune of Zot
 40061 | Hell     | Found a gateway to the decaying netherworld of Tartarus.
 40102 | Tar:1    | Entered Level 1 of Tartarus
 41071 | Tar:7    | Entered Level 7 of Tartarus
 41126 | Tar:7    | Found the +4 Vampire's Tooth {vamp}
 41173 | Tar:7    | Noticed an ancient lich
 41184 | Tar:7    | Killed an ancient lich
 41204 | Tar:7    | Reached skill level 24 in Unarmed Combat
 41266 | Tar:7    | Noticed Ereshkigal
 41276 | Tar:7    | Killed Ereshkigal
 41442 | Tar:7    | Got a bone rune of Zot
 42638 | Depths:3 | Learned a level 9 spell: Shatter
 43967 | Tomb:3   | Entered Level 3 of the Tomb of the Ancients
 44036 | Tomb:3   | Noticed a greater mummy
 44101 | Tomb:3   | Noticed a greater mummy
 44101 | Tomb:3   | Noticed a greater mummy
 44102 | Tomb:3   | Killed a greater mummy
 44110 | Tomb:3   | Noticed a greater mummy
 44112 | Tomb:3   | Killed a greater mummy
 44114 | Tomb:3   | Noticed a greater mummy
 44115 | Tomb:3   | Killed a greater mummy
 44118 | Tomb:3   | Killed a greater mummy
 44123 | Tomb:3   | Noticed a greater mummy
 44126 | Tomb:3   | Noticed a greater mummy
 44127 | Tomb:3   | Noticed a greater mummy
 44128 | Tomb:3   | Noticed a greater mummy
 44224 | Tomb:3   | Killed a greater mummy
 44230 | Tomb:3   | Killed a greater mummy
 44234 | Tomb:3   | Killed a greater mummy
 44238 | Tomb:3   | Killed a greater mummy
 44238 | Tomb:3   | Killed a greater mummy
 44254 | Tomb:3   | Identified the Guide on Harmful Enchantment
 44277 | Tomb:3   | Got a shimmering platinum ring
 44278 | Tomb:3   | Identified the ring "Mifruse" {+Inv +Fly Str+2 Dex+6 Slay+5} (You found it on level 3 of the Tomb of the Ancients)
 44343 | Tomb:3   | Found the ring of the Mage {Wiz MR++ Int+3}
 44343 | Tomb:3   | Found the +9 sword of Zonguldrok {reap}
 44357 | Tomb:3   | Identified Fousit's Volume of Poisoning
 44361 | Tomb:3   | Identified Sif Muna's Disquisition on the Arsonist and the Mountains
 44367 | Tomb:3   | Got a slimy silver ring
 44369 | Tomb:3   | Identified the ring of Atuil {rPois rC+++ MR- Str-2 Int+3} (You found it on level 3 of the Tomb of the Ancients)
 44427 | Tomb:3   | Got a golden rune of Zot
 45174 | Zot:5    | Noticed an ancient lich
 45178 | Zot:5    | Killed an ancient lich
 45216 | Zot:5    | Noticed an orb of fire
 45225 | Zot:5    | Killed an orb of fire
 45250 | Zot:5    | Noticed an orb of fire
 45251 | Zot:5    | Killed an orb of fire
 45305 | Zot:5    | Got the Orb of Zot
 45306 | Zot:5    | Reached skill level 25 in Unarmed Combat
 45310 | Zot:5    | Noticed an orb of fire
 45312 | Zot:5    | Noticed an orb of fire
 45313 | Zot:5    | Gained mutation: Scrolls take you a little longer to read. [an orb of fire]
 45316 | Zot:5    | Noticed an ancient lich
 45317 | Zot:5    | Killed an orb of fire
 45319 | Zot:5    | Noticed an orb of fire
 45323 | Zot:5    | Killed an ancient lich
 45325 | Zot:5    | Killed an orb of fire
 45723 | D:12     | Noticed Duety the pandemonium lord
 45732 | D:12     | Killed Duety the pandemonium lord
 45823 | D:8      | Noticed Ynedd the pandemonium lord
 45828 | D:8      | Killed Ynedd the pandemonium lord
 45968 | D:2      | Noticed Peudimorch the pandemonium lord
 45976 | D:2      | Killed Peudimorch the pandemonium lord
 46034 | D:$      | Escaped with the Orb!

Vault maps used:
D:1:      lemuel_arrival_hallway, minmay_domino_2
D:2:      minitemple
D:3:      first_bread
D:4:      serial_bayou_pond_c, abandoned_shop, serial_bayou_pond_a,
          uniq_blork_the_orc
D:5:      grunt_qazlal_sundering, portal_sewer_entry_e
D:6:      temple_fountains, enter_ossuary_4, kennysheep_cross_room,
          uniq_menkaure, uniq_duvessa, uniq_sigmund, uniq_edmund
D:8:      special_room, uniq_prince_ribbit1
D:9:      the_bakery, hangedman_glass_teeth, kennysheep_island_fort, uniq_grum
D:10:     zombieorc1_lemuel, enter_trove_3, serial_shops,
          nicolae_shop_overgrown_old_shop, uniq_joseph, uniq_erolcha
D:11:     lair_entry_dummy, basic_altar, lightli_church_of_beogh
D:12:     minmay_bad_star, serial_shops, shop_statue
D:13:     david_vaults_4, serial_shops, shop, enter_bailey_3, uniq_maurice
D:14:     basic_altar
D:15:     grunt_enter_depths_magical_seal, serial_park_tiny_pond, uniq_nessos
Temple:   corrupted_temple
Lair:1:   serial_bayou_lake_a, minmay_lair_oklob_chamber,
          infiniplex_staircase_pool, uniq_harold
Lair:2:   lab_entry_generic, lemuel_fruit_fields
Lair:3:   small_statue_intersection
Lair:4:   minmay_shoals_entry_beasts, nicolae_spider_entry_tight_spaces
Lair:6:   minmay_lair_end_enchanted_forest, slime_altar_2, minivault_19,
          bobbens_dragon_lair_wall
Shoals:4: shoals_end_grunt_ice, shoals_ilsuiw_ice, serial_shops,
          nicolae_shop_crystal, portal_ice_cave_entry_frozen_things,
          uniq_polyphemus
Spider:1: nicolae_spider_webbed_stairs
Spider:2: uniq_kirke
Spider:3: gammafunk_its_a_trap
Spider:4: grunt_spider_rune_island, einodemon_crawler_minivault, uniq_donald
Orc:1:    basic_altar, minmay_orc_barracks
Orc:2:    grunt_orc_gardens, grunt_orc_garden, grunt_orc_garden,
          grunt_orc_garden, grunt_orc_garden, serial_shops,
          nicolae_shop_temple_entry_statues_fountains
Elf:1:    minmay_elf_arrival_plus, minmay_elf_crystal_hexagon, minmay_shoptagon
Elf:3:    grunt_elf_hall_asides, serial_shops, shop
Vaults:1: v_misc_4, hangedman_vaults_unwind, grunt_vaults_focal,
          nicolae_vaults_theta, nicolae_vaults_network_quincunx,
          nicolae_vaults_arrows, nicolae_vaults_border_crossing, v_misc_33,
          v_misc_24, vaults_room_guarded_vault, vaults_room_pools,
          v_alt_pattern_4
Vaults:2: v_misc_26, nicolae_vaults_ring_of_whatevers,
          hangedman_vaults_capsules, minmay_crypt_entry_simple_box,
          hangedman_vaults_stagger, ontoclasm_vaults_loading_screen,
          vaults_room_pool, vaults_mumra_hexcomb, dpeg_vaults_monster_box,
          nicolae_vaults_gold_heap, hangedman_vaults_variations,
          grunt_vaults_diagonal, serial_shops, shop, uniq_bai_suzhen
Vaults:3: hangedman_vaults_nodes, vaults_room_boxed, v_misc_28, v_misc_24,
          v_pattern_3, special_room_vaults
Vaults:4: st_octagons_1, nicolae_vaults_bisected_exclaves,
          ontoclasm_vaults_loading_screen, nicolae_vaults_twisting_passages,
          hangedman_vaults_maws, nicolae_vaults_network_periphery,
          nicolae_vaults_mini_display_case, ontoclasm_vaults_decontamination,
          vaults_room_pool, nicolae_vaults_what_the_h, serial_shops,
          nicolae_shop_trees, uniq_boris, uniq_sojobo, uniq_aizul
Crypt:1:  cheibrodos_crypt_draghalla, grunt_ministairs_7, uniq_jory,
          uniq_mennas, uniq_mara
Crypt:2:  basic_loot_grate_trap, minigarden_bobbens
Crypt:3:  due_elkab
Depths:1: hell_entry, minmay_misc_feat_tiny, abyss_entry, minmay_holes,
          minmay_misc_feat_alley, minislime_mu
Depths:2: wad_cavern_with_rooms, hell_entry
Depths:3: hangedman_pleasuredromes, hell_entry, pan_entry
Depths:4: minmay_the_grid_octo_tiled_squarecenter_mashed, enter_ziggurat_d,
          hell_entry, abyss_entry_small_statue_room, grunt_decor_resistance,
          uniq_xtahua, uniq_jorgrun
Depths:5: grunt_zot_entry_tricorne, serial_shops, bzr_entry_dummy, hellmouth_1,
          minmay_shop_grove, infiniplex_staircase_pool_lava,
          basic_stair_grate_trap, serial_bayou_shore_a, uniq_margery
Dis:1:    grunt_megastairs_4
Dis:3:    grunt_megastairs_2
Dis:4:    hangedman_dis_decor_tower
Dis:7:    iron_city_of_dis, hangedman_dis_chains
Geh:7:    geh_mu
Coc:7:    coc_hangedman
Tar:1:    nicolae_tar_cuneiform_oil
Tar:4:    hangedman_snap_crack_crunch
Tar:7:    tar_grunt_cathedral
Zot:1:    nicolae_moth_party, grunt_megastairs_3
Zot:2:    grunt_zot_stairs_overgrown
Zot:3:    hangedman_zot_vaults_quadrants
Zot:5:    bh_zot_lava_cross
Abyss:3:  evilmike_abyss_exit_9, due_evilmike_abyss_rune_seething_liches,
          hangedman_abyss_overflow_altar
Abyss:4:  evilmike_abyss_exit_3
Abyss:5:  bh_abyss_exit_grid, minivault_28
Pan:      gammafunk_dig_for_victory, rand_demon_5, grunt_pan_spiral,
          nicolae_pan_sigil_itan, nicolae_pan_strange_glyphs,
          grunt_pan_pentagram, pan_blood_fountain_small,
          nicolae_pan_mnolegish_2, evilmike_mini_pan_diamond,
          pan_blood_fountain, evilmike_holy_pan, rand_demon_4, grunt_pan_zigzag,
          evilmike_mini_pan_doors_b, pan_blood_fountain_small,
          evilmike_mini_pan_pillars_b, pan_blood_fountain_small,
          evilmike_mini_pan_doors, lom_lobon_spiral_st, evilmike_mini_pan_3x3,
          pan_blood_fountain_small, pan_blood_fountain,
          reaverb_pan_figure_eight, evilmike_mini_pan_pillars,
          evilmike_mini_pan_other_thingy, nicolae_pan_cerebovesque_2,
          nicolae_pan_sigil_eeng, rand_demon_1, pan_captured_pigsty,
          evilmike_mini_pan_thingy, gloorx_vloq_grunt_torture_chamber,
          pan_blood_fountain_2, pan_blood_fountain_small,
          nicolae_pan_lom_lobonic_2, cerebov_grunt_fire_and_steel,
          uniq_lom_lobon, pan_blood_fountain_2, nicolae_pan_hourglass,
          evilmike_mini_pan_doors, evilmike_mini_pan_doors_b, rand_demon_6,
          nicolae_pan_diamonds, lemuel_hall_of_pain, nicolae_pan_double_arrow,
          pan_blood_fountain_small, nicolae_pan_hourglass,
          reaverb_pan_chaos_star, grunt_pan_zigzag, nicolae_pan_sigil_eeng,
          mnoleg_grunt, pan_blood_fountain_small
Lab:      labyrinth_spiral, labyrinth_glass_1, nicolae_lab_very_dead_end,
          nicolae_lab_garden
Bazaar:   bazaar_minmay_cross
Trove:    trove_jewel_2
Bailey:   bailey_polearm_3, bailey
IceCv:    ice_cave_caverns_01

Skill      XL: |  1  2  3  4  5  6  7  8  9 10 11 12 13 14 15 16 17 18 19 20 21 22 23 24 25 26 27 |
---------------+----------------------------------------------------------------------------------+-----
Stealth        | 3 4 5 6 7 9 19 | 19.1
Unarmed Combat | 1 2 3 4 5 6 7 8 9 10 11 12 13 14 15 16 17 25 | 25.2
Dodging        | 3 4 5 6 7 8 9 10 11 12 13 14 15 16 17 24 | 24.4
Shields        | 1 3 4 5 6 8 9 11 12 14 15 16 17 18 | 18.6
Fighting       | 3 4 5 6 7 8 9 10 11 12 13 14 15 23 | 23.0
Transmutations | 2 4 6 8 9 11 12 | 12.5
Spellcasting   | 2 4 6 7 8 10 11 13 15 18 | 18.8
Invocations    | 1 3 5 7 8 9 11 | 11.0
Summonings     | 3 7 9 10 | 10.9
Necromancy     | 3 7 8 9 10 | 10.6
Evocations     | 4 7 8 21 | 21.3
Earth Magic    | 2 7 9 19 | 19.8
Translocations | 3 7 10 12 13 14 | 14.6
Conjurations   | 18 | 18.4
Air Magic      | 16 | 16.2
Short Blades   | |  1.0

Action                   |  1- 3 |  4- 6 |  7- 9 | 10-12 | 13-15 | 16-18 | 19-21 | 22-24 | 25-27 || total
-------------------------+-------+-------+-------+-------+-------+-------+-------+-------+-------++-------
Melee: Short sword       |    60 |    39 |    32 |       |       |       |       |       |       ||   131
       Constrict         |    19 |     7 |    55 |    89 |    21 |   153 |   150 |   127 |   816 ||  1437
       Tentacles         |    15 |     9 |    57 |   126 |    68 |   196 |   339 |   250 |  1719 ||  2779
       Punch             |       |     3 |    10 |    40 |    73 |    95 |   180 |   151 |  1370 ||  1922
       Unarmed           |       |       |   188 |   391 |   617 |   666 |   930 |   734 |  5177 ||  8703
       Tailslap          |       |       |       |       |    89 |       |       |       |       ||    89
       Bite              |       |       |       |       |    63 |     3 |       |       |       ||    66
       Kick              |       |       |       |       |       |       |       |       |   107 ||   107
 Cast: Blade Hands       |       |       |       |    26 |     8 |       |       |       |       ||    34
       Dragon Form       |       |       |       |       |    37 |     2 |       |       |       ||    39
       Ozocubu's Armour  |       |       |       |       |     2 |       |       |       |       ||     2
       Summon Ice Beast  |       |       |       |       |     2 |     3 |       |       |     1 ||     6
       Statue Form       |       |       |       |       |       |    58 |    51 |    44 |   279 ||   432
       Regeneration      |       |       |       |       |       |    35 |    29 |    42 |   232 ||   338
       Animate Dead      |       |       |       |       |       |     3 |     1 |     3 |     3 ||    10
       Haunt             |       |       |       |       |       |     2 |       |       |     2 ||     4
       Mephitic Cloud    |       |       |       |       |       |     6 |       |       |       ||     6
       Confusing Touch   |       |       |       |       |       |       |     1 |       |       ||     1
       Song of Slaying   |       |       |       |       |       |       |       |     1 |     1 ||     2
       Apportation       |       |       |       |       |       |       |       |       |    71 ||    71
       Aura of Abjuratio |       |       |       |       |       |       |       |       |    39 ||    39
       Summon Forest     |       |       |       |       |       |       |       |       |    34 ||    34
       Summon Lightning  |       |       |       |       |       |       |       |       |    27 ||    27
       Malign Gateway    |       |       |       |       |       |       |       |       |    24 ||    24
       Controlled Blink  |       |       |       |       |       |       |       |       |     8 ||     8
       Lehudib's Crystal |       |       |       |       |       |       |       |       |     3 ||     3
Invok: Slouch            |       |       |       |     4 |     5 |       |     5 |    11 |    45 ||    70
       Temporal Distorti |       |       |       |       |       |       |     2 |       |       ||     2
 Abil: Evoke Berserk Rag |       |     1 |       |       |       |       |       |       |       ||     1
       Breathe Fire      |       |       |       |       |     2 |       |       |       |       ||     2
       Evoke Flight      |       |       |       |       |       |       |       |       |    12 ||    12
Evoke: Wand              |       |     5 |    39 |    22 |    11 |    26 |     3 |     3 |    23 ||   132
       Lightning rod     |       |       |       |       |       |       |       |     1 |     4 ||     5
       Box of beasts     |       |       |       |       |       |       |       |       |     8 ||     8
       Lamp of fire      |       |       |       |       |       |       |       |       |     5 ||     5
       Phantom mirror    |       |       |       |       |       |       |       |       |     5 ||     5
       Horn of Geryon    |       |       |       |       |       |       |       |       |     1 ||     1
       Phial of floods   |       |       |       |       |       |       |       |       |     1 ||     1
       Sack of spiders   |       |       |       |       |       |       |       |       |     1 ||     1
  Use: Potion            |       |     1 |     2 |     5 |     4 |     3 |       |       |    26 ||    41
       Scroll            |       |       |    14 |     9 |    13 |    25 |     7 |     5 |    65 ||   138
 Stab: Sleeping          |     6 |     4 |    23 |    25 |    19 |    16 |    10 |     1 |    18 ||   122
       Paralysed         |       |       |     4 |       |       |     1 |       |       |     4 ||     9
       Distracted        |       |       |     1 |     1 |     4 |     4 |     3 |     2 |    49 ||    64
       Invisible         |       |       |       |     3 |       |       |       |       |       ||     3
       Betrayed ally     |       |       |       |     1 |       |       |       |       |       ||     1
       Confused          |       |       |       |       |       |     5 |       |       |     1 ||     6
       Petrified         |       |       |       |       |       |       |       |       |     4 ||     4
       Petrifying        |       |       |       |       |       |       |       |       |     2 ||     2
  Eat: Chunk             |       |     5 |     7 |    10 |    60 |    24 |    17 |    37 |   112 ||   272
       Bread ration      |       |       |       |     1 |       |     2 |       |       |     4 ||     7
       Royal jelly       |       |       |       |       |       |       |     5 |     2 |     9 ||    16
       Meat ration       |       |       |       |       |       |       |       |       |     7 ||     7
Armor: Skin              |     3 |       |    10 |     9 |   189 |   260 |   215 |   217 |  1083 ||  1986
Dodge: Dodged            |    40 |    28 |   176 |   444 |   669 |  1069 |  1299 |  1408 |  7971 || 13104
Block: Shield            |       |       |       |    47 |       |   406 |  1643 |  1527 |  9874 || 13497
       Buckler           |       |       |       |       |    32 |   241 |       |       |       ||   273
       Reflection        |       |       |       |       |       |    20 |    78 |   106 |   217 ||   421
